 Dungeon Crawl Stone Soup version 0.29-a0-998-g1987434951 (webtiles) character file.

Game seed: 2966710924302741562

13791 Essalna the Fighter (level 12, -13/86 HPs)
             Began as a Djinni Conjurer on Aug 5, 2022.
             Was a Believer of Hepliaklqana.
             Killed from afar by a deep elf zephyrmancer (44 damage)
             ... with a bolt of lightning
             ... on level 1 of the Orcish Mines.
             The game lasted 00:23:00 (13122 turns).

Essalna the Fighter (Djinni Conjurer)              Turns: 13122, Time: 00:23:01

Health: -13/86     AC: 14    Str:  6    XL:     12   Next: 37%
Gold:   81         EV: 12    Int: 24    God:    Hepliaklqana [**....] SH: 10 Dex: 13

rFire   + + +      SeeInvis .   x - +2 whip (elec)
rCold   x . .      Faith    .   t - +0 buckler
rNeg    . . .      Spirit   .   H - +2 robe {rF+}
rPois   ∞          Reflect  +   (no helmet)
rElec   .          Harm     .   K - +2 cloak {rPois}
rCorr   .          Rampage  .   g - +2 pair of gloves
Will    ++...                   (boots unavailable)
Stlth   ++........              G - amulet of reflection
HPRegen 0.24/turn               p - +4 ring of protection
MPRegen 0.00/turn               D - ring of willpower

@: flying
A: reduced essence, sickness immunity, fire resistance 2, cold vulnerability 1,
float, innate caster, HP casting, extra vitality 1
a: Renounce Religion, Recall Ancestor, Ancestor Identity


You were on level 1 of the Orcish Mines.
You worshipped Hepliaklqana.
Hepliaklqana was pleased with you.
You visited 3 branches of the dungeon, and saw 11 of its levels.

You collected 631 gold pieces.
You spent 550 gold pieces at shops.

Inventory:

Hand Weapons
 x - a +2 whip of electrocution (weapon)
Armour
 a - a +0 robe
 g - a +2 pair of gloves (worn)
 s - a +0 leather armour of cold resistance
 t - a +0 buckler (worn)
 H - a +2 robe of fire resistance (worn)
 K - a +2 cloak of poison resistance (worn)
Magical Staves
 o - a staff of death
Jewellery
 b - a ring of willpower
 d - an amulet of faith
 i - a ring of fire
 p - a +4 ring of protection (left hand)
 u - a ring of wizardry
 D - a ring of willpower (right hand)
 G - an amulet of reflection (around neck)
Wands
 r - a wand of flame (46)
 B - a wand of acid (7)
 E - a wand of roots (10)
Scrolls
 e - a scroll of fog
 f - a scroll of fear
 k - 2 scrolls of blinking
 v - 4 scrolls of identify
 y - a scroll of teleportation
 A - a scroll of enchant weapon
Potions
 c - 2 potions of haste
 h - 5 potions of curing
 j - a potion of berserk rage {unknown}
 l - a potion of resistance {unknown}
 m - 4 potions of heal wounds
 n - a potion of invisibility {unknown}
 q - a potion of lignification {unknown}
 z - a potion of brilliance {unknown}
 C - a potion of might {unknown}
 F - 2 potions of mutation {unknown}


   Skills:
 + Level 12.9 Fighting
 + Level 2.6 Armour
 + Level 3.8 Dodging
 - Level 1.5 Stealth
 - Level 4.0 Shields
 + Level 10.6 Spellcasting


You had 4 spell levels left.
You knew the following spells:

 Your Spells              Type           Power      Damage    Failure   Level
a - Magic Dart            Conj           100%       1d8       1%          1
b - Searing Ray           Conj           100%       2d8       1%          2
c - Dazzling Flash        Conj/Hex       100%       N/A       1%          3
d - Fulminant Prism       Conj/Hex       29%        3d14      1%          4
e - Iskenderun's Mystic   Conj/Tloc      59%        2d12      1%          4
f - Shock                 Conj/Air       100%       1d9       1%          1
g - Poisonous Vapours     Pois/Air       100%       N/A       1%          2
h - Wereblood             Tmut           59%        N/A       1%          2
i - Olgreb's Toxic Radia  Pois           59%        N/A       1%          4
j - Freezing Cloud        Conj/Ice/Air   29%        6-21      2%          5
Your spell library was empty.

Dungeon Overview and Level Annotations

Branches:
Dungeon (9/15)             Temple (1/1) D:5             Orc (1/2) D:9
   Lair: D:8-11

Altars:
Cheibriados
Dithmenos
Elyvilon
Gozag
Hepliaklqana
Makhleb
Nemelex Xobeh
Okawaru
Qazlal
Ru
Trog
Wu Jian
Xom
Yredelemnul
Zin
The Shining One

Shops:
D:1 *   D:5 *   D:8 *


Innate Abilities, Weirdness & Mutations

Your life essence is reduced to manifest your ancestor. (-10% HP)
You are immune to sickness and miasma.
You are immune to poison.
Your flesh is very heat resistant. (rF++)
You are vulnerable to cold. (rC-)
You float through the air rather than walking.
You learn spells naturally, not from books.
Your magical power is your life essence.
You have superior vitality. (+4 MHP)


Message History

The deep elf pyromancer closely misses Cuahtemoc.
Casting: Searing Ray (safe; 1% risk of failure)
Confirm with . or Enter, or press ? or * to list all spells.
You erupt in a blast of force!
The mystic blast hits the deep elf zephyrmancer.
The deep elf zephyrmancer is lightly wounded.
The deep elf zephyrmancer is knocked back by the mystic blast.
You hear a shout!
Cuahtemoc closely misses the deep elf pyromancer.
Cuahtemoc blocks the deep elf pyromancer's attack.
Cuahtemoc closely misses the deep elf pyromancer.
The deep elf pyromancer gestures at you while chanting.
The bolt of fire misses Cuahtemoc.
The bolt of fire hits you. You resist.
Casting: Iskenderun's Mystic Blast (mildly dangerous; 1% risk of failure)
Confirm with . or Enter, or press ? or * to list all spells.
You erupt in a blast of force!
The mystic blast hits the deep elf zephyrmancer!
The deep elf zephyrmancer is heavily wounded.
The deep elf zephyrmancer is knocked back by the mystic blast.
Cuahtemoc blocks the deep elf pyromancer's attack.
Cuahtemoc hits the deep elf pyromancer with a +0 flail!
The deep elf pyromancer barely misses Cuahtemoc.
Cuahtemoc hits the deep elf pyromancer with a +0 flail!
Casting: Iskenderun's Mystic Blast (mildly dangerous; 1% risk of failure)
Confirm with . or Enter, or press ? or * to list all spells.
You erupt in a blast of force!
The mystic blast hits the deep elf zephyrmancer!
The deep elf zephyrmancer is severely wounded.
The deep elf zephyrmancer is knocked back by the mystic blast.
Cuahtemoc hits the deep elf pyromancer with a +0 flail!
The deep elf pyromancer dies!
Casting: Iskenderun's Mystic Blast (mildly dangerous; 1% risk of failure)
Confirm with . or Enter, or press ? or * to list all spells.
You erupt in a blast of force!
The mystic blast hits the deep elf zephyrmancer!
You kill the deep elf zephyrmancer!
The deep elf zephyrmancer points at you and mumbles some strange words.
The bolt of lightning hits you!!!
Ouch! That really hurt!
You die...

###.#.#.##........#....
##........#..e...##.>...
#.........))............
##....##..))...##.....###
#......##÷R...###....##
#.#....##<...#####...####
# #....##.......##......#
###..##......##.......#
##.....@...#..#.........
#...#..)..##......###...
##.###...####..#.#....#.
####...## #.###.....##
##.## ### #..### ### ...#
.#. ..


You could see the friendly Cuahtemoc the knight and a deep elf zephyrmancer
(ally target).

Vanquished Creatures
  A deep elf pyromancer (Orc:1)
  3 deep elf zephyrmancers (Orc:1)
  Joseph (D:7)
  Prince Ribbit (D:7)
  3 yaks (D:9)
  A wraith (D:9)
  Menkaure (D:7)
  A warg (Orc:1)
  3 orc warriors (D:9)
  A sky beast (D:8)
  6 centaurs
  3 phantoms
  2 kobold brigands
  A bullfrog (D:8)
  5 necrophages
  3 scorpions
  19 wights
  4 killer bees (D:9)
  A howler monkey (D:4)
  2 hounds (D:4)
  4 jellies
  Crazy Yiuf (D:7)
  2 gnoll boudas
  5 orc priests
  2 iguanas (D:6)
  9 orc wizards
  8 gnolls
  10 adders
  A shadow imp (D:5)
  A worm (D:3)
  22 orcs
  9 bats
  15 endoplasms
  2 giant cockroaches (D:2)
  9 goblins
  6 hobgoblins
  10 jackals
  6 quokkas
  5 ball pythons
  3 frilled lizards
  18 kobolds
  4 rats
214 creatures vanquished.

Vanquished Creatures (collateral kills)
  A deep elf zephyrmancer (Orc:1)
  A deep elf pyromancer (Orc:1)
  A troll (Orc:1)
  A centaur (D:9)
  A kobold brigand (D:9)
  2 wights
  6 killer bees (D:9)
  A hound (D:7)
  A jelly (D:7)
  An orc priest (D:7)
  An adder (D:6)
  A gnoll (D:9)
  2 orcs
20 creatures vanquished.

Vanquished Creatures (others)
  2 knights (Orc:1)
  4 ancestors
  3 fungi (D:8)
9 creatures vanquished.

Grand Total: 243 creatures vanquished

Notes
Turn   | Place    | Note
-------+----------+-------------------------------------------
     0 | D:1      | Essalna the Djinni Conjurer began the quest for the Orb.
     0 | D:1      | Essalna set off with the following spells memorised: Magic
                  | Dart, Searing Ray, Dazzling Flash, Fulminant Prism,
                  | Iskenderun's Mystic Blast.
     0 | D:1      | Reached XP level 1. HP: 15/15 MP: 0/0
   116 | D:1      | Reached XP level 2. HP: 15/22 MP: 0/0
   119 | D:1      | Reached skill level 1 in Fighting
   485 | D:1      | HP: 1/22 [quokka (2)]
   488 | D:1      | Reached XP level 3. HP: 14/27 MP: 0/0
   488 | D:1      | Learned a level 1 spell: Shock
  1379 | D:2      | Reached skill level 2 in Fighting
  1608 | D:2      | Reached XP level 4. HP: 27/33 MP: 0/0
  2047 | D:2      | Found a sparkling altar of Nemelex Xobeh.
  2198 | D:2      | Reached XP level 5. HP: 36/40 MP: 0/0
  2198 | D:2      | Learned a level 2 spell: Poisonous Vapours
  2339 | D:2      | Reached skill level 3 in Fighting
  2927 | D:3      | Noticed a phantom
  2937 | D:3      | Killed a phantom
  2938 | D:3      | Reached XP level 6. HP: 29/47 MP: 0/0
  3367 | D:3      | Reached skill level 4 in Fighting
  3798 | D:4      | Reached skill level 5 in Spellcasting
  3798 | D:4      | Reached XP level 7. HP: 47/53 MP: 0/0
  3798 | D:4      | Learned a level 2 spell: Wereblood
  3914 | D:4      | You are sucked into a shaft and drop 3 floors!
  3929 | D:6      | Reached skill level 1 in Shields
  4084 | D:6      | Reached skill level 5 in Fighting
  4349 | D:5      | Entered Level 5 of the Dungeon
  4462 | D:5      | Reached XP level 8. HP: 43/59 MP: 0/0
  4629 | D:5      | Found Osahygokk's Lightly-Used Armoury.
  4910 | D:5      | Found a staircase to the Ecumenical Temple.
  4964 | Temple   | Entered the Ecumenical Temple
  5106 | Temple   | Became a worshipper of Hepliaklqana the Forgotten
  5596 | D:4      | Reached skill level 6 in Fighting
  5852 | D:5      | Found a glowing golden altar of the Shining One.
  6146 | D:6      | Reached * piety under Hepliaklqana
  6374 | D:6      | Reached XP level 9. HP: 2/60 MP: 0/0
  6374 | D:6      | Learned a level 4 spell: Olgreb's Toxic Radiance
  6802 | D:6      | Found an ornate altar of the Wu Jian Council.
  6836 | D:6      | Reached skill level 7 in Fighting
  8132 | D:7      | Noticed Menkaure
  8140 | D:7      | Killed Menkaure
  8360 | D:7      | Reached skill level 8 in Fighting
  8755 | D:7      | Noticed Prince Ribbit
  8761 | D:7      | Killed Prince Ribbit
  8949 | D:7      | Noticed Joseph
  8964 | D:7      | Killed Joseph
  8965 | D:7      | Reached XP level 10. HP: 40/69 MP: 0/0
  9144 | D:7      | Found a runed translucent door.
  9145 | D:7      | Noticed Crazy Yiuf
  9244 | D:7      | Killed Crazy Yiuf
  9436 | D:8      | Reached skill level 9 in Fighting
  9978 | D:8      | Found a glowing silver altar of Zin.
 10058 | D:8      | Found a sacrificial altar of Ru.
 10060 | D:8      | Reached ** piety under Hepliaklqana
 10061 | D:8      | Remembered your ancestor Cuahtemoc as a knight
 10123 | D:8      | Found a sparkling altar of Nemelex Xobeh.
 10203 | D:8      | Found Tamoosuss's Assorted Antiques.
 10586 | D:9      | Reached skill level 10 in Fighting
 11493 | D:9      | Reached XP level 11. HP: 38/77 MP: 0/0
 11493 | D:9      | Learned a level 5 spell: Freezing Cloud
 11688 | D:9      | Found a staircase to the Orcish Mines.
 12127 | D:1      | Bought a potion of experience for 550 gold pieces
 12127 | D:1      | Reached skill level 12 in Fighting
 12127 | D:1      | Reached skill level 10 in Spellcasting
 12127 | D:1      | Reached XP level 12. HP: 86/86 MP: 0/0
 12263 | Orc:1    | Entered Level 1 of the Orcish Mines
 12604 | Orc:1    | Reached skill level 1 in Armour
 13122 | Orc:1    | Killed from afar by a deep elf zephyrmancer

Illustrated notes

Levels and vault maps discovered:
D:1:      dpeg_arrival_line_fractal, layout_rooms, serial_shops, shop
D:2:      layout_rooms, basic_altar, chequers_serial_rivers_micro_e
D:3:      layout_basic
D:4:      layout_loops_cross, serial_park_tiny_2
D:5:      layout_basic, kennysheep_mini, minmay_temple_entry_proselytizer,
          minmay_shop_damaged
D:6:      layout_layer_cave, nzn_wu_jian_contemplation, corner_web_ring,
          kennysheep_generic_room_14
D:7:      layout_basic, chequers_serial_rivers_small_b, minmay_misc_feat_rows,
          nicolae_kite_square_tiling_tiny, dreamdust_princess_corridor,
          uniq_joseph, uniq_prince_ribbit1, uniq_crazy_yiuf_cottage,
          uniq_menkaure
D:8:      layout_cave_pools, zin_scriptorium, mainiacjoe_overflow_cross_hatched,
          nemelex_spade_bored_becter, serial_shops, nicolae_lakefront_shop
D:9:      layout_loops_ring, minmay_orc_entry_temple_small, st_stairs_8
Temple:   eino_narrow_crystal_temple
Orc:1:    layout_diamond_mine, elves_outpost_lemuel

Skill      XL: |  1  2  3  4  5  6  7  8  9 10 11 12 |
---------------+-------------------------------------+-----
Fighting       | 1 2 3 4 5 6 8 10 12 | 12.9
Spellcasting   | 4 5 6 7 8 10 | 10.6
Shields        | 2 4 |  4.0
Armour         | 2 |  2.6
Dodging        | 3 |  3.8
Stealth        | |  1.5

Action                   |  1- 3 |  4- 6 |  7- 9 | 10-12 || total
-------------------------+-------+-------+-------+-------++-------
Melee: Whip              |       |       |     1 |     6 ||     7
 Cast: Magic Dart        |    94 |    66 |   145 |    94 ||   399
       Searing Ray       |       |    10 |    16 |     8 ||    34
       Iskenderun's Myst |       |       |    25 |    43 ||    68
Invok: Ancestor Life: Kn |       |       |       |     1 ||     1
       Recall Ancestor   |       |       |       |     1 ||     1
  Use: Potion            |     1 |       |     2 |     1 ||     4
       Scroll            |       |       |       |    15 ||    15
Armor: Robe              |     8 |    16 |    11 |    15 ||    50
Dodge: Dodged            |    14 |    20 |    23 |    23 ||    80
Block: Buckler           |       |       |    15 |    27 ||    42
       Reflection        |       |       |     3 |     9 ||    12

Table legend: (Time is in decaauts)
 A = Elapsed time spent in this place.
 B = Non-inter-level travel time spent in this place.
 C = Inter-level travel time spent in this place.
 D = Time resting spent in this place.
 E = Time spent auto-exploring this place.
 F = Levels seen in this place.
 G = Mean time per level.
                   A        B        C        D        E       F      G
               +--------+--------+--------+--------+--------+-----+--------+
         Total |  13132 |  12546 |    586 |   1382 |   9874 |  11 | 1193.8 |
       Dungeon |  12871 |  12318 |    553 |   1382 |   9711 |   9 | 1430.1 |
        Temple |    157 |    124 |     33 |      0 |    117 |   1 |  157.0 |
  Orcish Mines |    103 |    103 |      0 |      0 |     46 |   1 |  103.0 |
               +--------+--------+--------+--------+--------+-----+--------+

Top non-repeatable levels by time:
     D:9: 2491 daAuts
     D:6: 2186 daAuts
     D:7: 1423 daAuts
     D:1: 1288 daAuts
     D:3: 1160 daAuts
     D:2: 1156 daAuts
     D:5: 1129 daAuts
     D:4: 1055 daAuts
     D:8: 979 daAuts
  Temple: 157 daAuts
   Orc:1: 103 daAuts
